AoeStats
← _Orca_

Fortress

510234759Analyzed
2v2 RM · 1d ago on Sep 30, 2026· 39m 24s· 4 players
Game mode
Random Map
Map size
Normal (6 player)
Population
200
Speed
Normal
Resources
Standard
Victory
Conquest
Starting age
Dark Age
Ending age
Imperial Age
RankedLock teamsTeams togetherTeam positionsShared explorationLock speedFull tech treeHidden civsTurbo modeCheats
Victory
Defeat
🇧🇷 Bulgarians · Brazil
1330
+13
🇧🇩 Saracens · Bangladesh
1304
+14
1291
-14
🇦🇷 Spanish · Argentina
1253
-13
Ritiskiti
7:28 Feudal Age
11:56 Castle Age
10:19 Double-Bit Axe
10:50 Horse Collar
15:05 Bow Saw
17:44 Wheelbarrow
18:27 Heavy Plow
18:56 Gold Mining
20:36 Stone Mining
22:59 Hand Cart
27:52 Imperial Age
25:08 Loom
25:08 Town Watch
26:00 Fletching
26:11 Padded Archer Armor
27:09 Thumb Ring
27:15 Elite Skirmisher
28:23 Leather Archer Armor
28:04 Bodkin Arrow
29:38 Chemistry
29:12 Ballistics
29:47 Ring Archer Armor
30:06 Bracer
32:18 Supremacy
35:31 Forging
36:28 Cavalier
37:08 Husbandry
37:36 Bloodlines
37:31 Elite Conquistador
39:54 Iron Casting
UF.Divine.Retirado.EscalaAnark
0:28 Loom
7:06 Feudal Age
9:32 Double-Bit Axe
12:35 Castle Age
11:06 Horse Collar
20:12 Wheelbarrow
21:46 Hand Cart
21:44 Heavy Plow
22:57 Stone Mining
22:59 Gold Mining
26:07 Imperial Age
23:50 Fletching
24:03 Padded Archer Armor
24:45 Town Watch
25:26 Ballistics
25:51 Gold Shaft Mining
26:01 Bodkin Arrow
26:22 Leather Archer Armor
26:19 Elite Chu Ko Nu
27:19 Conscription
27:33 Bow Saw
28:19 Rocketry
28:23 Thumb Ring
29:53 Chemistry
29:09 Bracer
30:44 Two-Man Saw
30:48 Ring Archer Armor
Publius Varus
4:27 Loom
7:44 Feudal Age
11:18 Castle Age
13:16 Double-Bit Axe
14:10 Horse Collar
18:26 Heavy Plow
18:36 Town Watch
19:51 Bow Saw
20:25 Gold Mining
21:09 Stone Mining
25:57 Imperial Age
23:37 Fletching
24:51 Gold Shaft Mining
25:37 Wheelbarrow
25:10 Scale Barding Armor
25:34 Bodkin Arrow
26:15 Forging
27:10 Conscription
27:14 Scale Mail Armor
26:51 Capped Ram
29:01 Iron Casting
28:06 Siege Ram
30:10 Bloodlines
30:32 Husbandry
31:21 Chain Barding Armor
33:29 Plate Barding Armor
32:50 Elite Konnik
39:22 Blast Furnace
_Orca_
7:34 Feudal Age
11:35 Castle Age
9:50 Double-Bit Axe
10:04 Horse Collar
12:37 Bow Saw
12:39 Fletching
13:42 Loom
16:35 Elite Skirmisher
22:15 Wheelbarrow
21:25 Town Watch
25:01 Imperial Age
22:18 Town Watch
23:55 Wheelbarrow
23:08 Town Watch
23:41 Husbandry
24:44 Gold Mining
24:46 Stone Mining
26:06 Conscription
26:31 Gold Shaft Mining
26:29 Hand Cart
27:00 Scale Barding Armor
27:05 Forging
27:13 Bodkin Arrow
28:27 Chain Barding Armor
28:08 Padded Archer Armor
28:09 Bracer
28:45 Iron Casting
29:30 Plate Barding Armor
29:11 Bloodlines
28:22 Light Cavalry
32:04 Blast Furnace
31:20 Leather Archer Armor
30:53 Hussar
34:15 Ring Archer Armor
35:25 Elite Mameluke
37:39 Two-Man Saw
38:28 Scale Mail Armor
40:17 Ballistics
40:08 Masonry
Connection lost

Rejoining the realm…

Still unreachable

The connection could not be restored.

Session expired

The server has moved on; the page needs a fresh start.